 Dungeon Crawl Stone Soup version 0.21.0-24-g2553a3340b (webtiles) character file.

1920 misspelled the Digger (level 9, -1/52 HPs)
             Began as a Gargoyle Earth Elementalist on Jan 21, 2018.
             Was an Initiate of Vehumet.
             Slain by a bullfrog (5 damage)
             ... on level 6 of the Dungeon.
             The game lasted 00:42:13 (5643 turns).

misspelled the Digger (Gargoyle Earth Elementalist) Turns: 5643, Time: 00:42:14

Health: -1/52      AC: 10    Str: 11    XL:     9   Next: 17%
Magic:  14/17      EV: 17    Int: 25    God:    Vehumet [......]
Gold:   280        SH:  0    Dex: 15    Spells: 10/19 levels left

rFire    . . .     SeeInvis .   q - +0 whip (flame)
rCold    . . .     Gourm    .   (no shield)
rNeg     + . .     Faith    .   c - +1 robe
rPois    ∞         Spirit   .   (no helmet)
rElec    +         Reflect  .   (no cloak)
rCorr    .         Harm     .   g - +0 pair of gloves
MR       .....                  (no boots)
Stlth    +++.......             A - amulet of magic regeneration
HPRegen  0.17/turn              r - ring of stealth
MPRegen  0.40/turn              (no ring)

@: confused, brilliant, agile, very slightly contaminated
A: negative energy resistance 1, electricity resistance, unbreathing,
petrification resistance, rot immunity, AC +6
a: Renounce Religion


You were on level 6 of the Dungeon.
You worshipped Vehumet.
Vehumet was noncommittal.
You were not hungry.

You visited 2 branches of the dungeon, and saw 7 of its levels.

You collected 280 gold pieces.

Inventory:

Hand Weapons
 a - a +2 great sword of holy wrath
 q - a +0 whip of flaming (weapon)
 v - a +0 blowgun
 C - a +2 dagger of venom
 D - the +10 dagger "Arbiter" {pierce, -Tele rC+ Str+3, unknown}
   (You found it on level 5 of the Dungeon)

   It inflicts extra damage upon your enemies.
   It affects your strength (+3).
   It protects you from cold.
   It prevents most forms of teleportation.
Missiles
 b - 54 stones (quivered)
 w - 3 curare-tipped needles
Armour
 c - a +1 robe (worn)
 g - a +0 pair of gloves (worn)
 x - a +0 robe of cold resistance
Jewellery
 r - a ring of stealth (left hand)
 A - an amulet of magic regeneration (around neck)
Wands
 l - a wand of polymorph (12)
 y - a wand of flame (57)
 z - a wand of random effects (20)
Scrolls
 o - 3 scrolls of remove curse
 s - 3 scrolls of amnesia
 E - a scroll of torment {unknown}
Potions
 f - 2 potions of agility
 m - a potion of flight
 p - a potion of might
 u - a potion of brilliance
 B - a potion of lignification {unknown}
Books
 e - a book of Geomancy

   Spells                             Type                      Level
   a - Sandblast                      Earth                        1
   b - Passwall                       Transmutation/Earth          2
   c - Stone Arrow                    Conjuration/Earth            3
   d - Petrify                        Transmutation/Earth          4
   e - Lee's Rapid Deconstruction     Earth                        5
Comestibles
 d - 6 rations
 n - 3 chunks of flesh


   Skills:
 + Level 3.9 Fighting
 + Level 3.0 Armour
 - Level 1.5 Dodging
 - Level 2.1 Stealth
 + Level 5.6 Spellcasting
 + Level 5.8 Conjurations
   Level 0.7 Transmutations
 + Level 7.9 Earth Magic
 + Level 2.9 Evocations


You had 10 spell levels left.
You knew the following spells:

 Your Spells              Type           Power        Failure   Level  Hunger
a - Sandblast             Erth           ######       1%          1    None
b - Stone Arrow           Conj/Erth      ######       1%          3    #......
c - Lee's Rapid Deconstr  Erth           ######....   1%          5    #####..


Dungeon Overview and Level Annotations

Branches:
Dungeon (6/15)             Temple (1/1) D:5

Altars:
Ashenzari
Cheibriados
Dithmenos
Elyvilon
Fedhas
Gozag
Hepliaklqana
Kikubaaqudgha
Makhleb
Nemelex Xobeh
Qazlal
Ru
Sif Muna
Uskayaw
Vehumet
Wu Jian
Xom
Yredelemnul
Zin
The Shining One

Shops:
D:5 (

Annotations:
D:4 Menkaure


Innate Abilities, Weirdness & Mutations

You are resistant to torment.
Your stone body is resilient. (AC +6)
You are immune to poison.
You resist negative energy. (rN+)
You are resistant to electric shocks. (rElec)
You can survive without breathing.
You are immune to petrification.
You are immune to rotting.


Message History

You are confused.
The bullfrog hits you.
* * * LOW HITPOINT WARNING * * *
The hound skeleton barely misses you.
The bullfrog hits you but does no damage.
The orc wizard casts a spell at you. The magic dart hits you!
* * * LOW HITPOINT WARNING * * *
You're too confused to cast spells.
Unknown command.
You're too confused to cast spells.
You're too confused to move!
The bullfrog hits you.
* * * LOW HITPOINT WARNING * * *
The hound skeleton barely misses you. The bullfrog misses you.
You're too confused!
It was a potion of brilliance.
You feel clever all of a sudden.
The hound skeleton bites you but does no damage.
The bullfrog hits you.
You die...

####### ##.....##
######### ##.......##
#@..!....
#.........#####ZF(.....
#.........##..o†....(..
#.........#.o.o........
#......................
#..........o...........
#......................
#.................)....
#......................


You could see a bullfrog, an orc priest, an orc wizard, an orc and a hound
skeleton.

Vanquished Creatures
  Pikel (D:5)
  Prince Ribbit (D:5)
  A black bear (D:6)
  3 sky beasts (D:5)
  A phantom (D:5)
  A slave (D:5)
  Blork the orc (D:5)
  A bullfrog (D:3)
  A scorpion (D:4)
  A crimson imp (D:5)
  A centaur zombie (D:5)
  3 orc priests
  A jelly (D:3)
  4 orc wizards
  2 worker ants
  A hound skeleton (D:4)
  A howler monkey skeleton (D:5)
  9 adders
  6 gnolls (D:3)
  An ooze (D:2)
  An adder skeleton (D:4)
  5 worms
  A dart slug (D:2)
  4 leopard geckos
  18 orcs
  8 giant cockroaches
  7 goblins
  4 hobgoblins
  11 jackals
  9 kobolds
  2 quokkas
  13 bats
  5 frilled lizards
  8 rats
137 creatures vanquished.

Notes
Turn   | Place    | Note
-------+----------+-------------------------------------------
     0 | D:1      | misspelled the Gargoyle Earth Elementalist began the quest for the Orb.
     0 | D:1      | Reached XP level 1. HP: 10/10 MP: 3/3
   394 | D:1      | Reached XP level 2. HP: 15/15 MP: 3/5
   415 | D:1      | Reached skill level 4 in Earth Magic
   829 | D:1      | Reached XP level 3. HP: 19/19 MP: 4/6
  1275 | D:2      | Learned a level 3 spell: Stone Arrow
  1972 | D:2      | Reached skill level 1 in Conjurations
  1972 | D:2      | Reached XP level 4. HP: 24/24 MP: 5/8
  2114 | D:3      | Reached skill level 5 in Earth Magic
  2114 | D:3      | Reached XP level 5. HP: 28/28 MP: 3/9
  2612 | D:3      | Reached XP level 6. HP: 23/32 MP: 6/11
  3277 | D:4      | Reached skill level 6 in Earth Magic
  3713 | D:4      | Reached XP level 7. HP: 36/36 MP: 4/13
  3964 | D:4      | Found the +8 storm bow {elec}
  4127 | D:4      | Noticed Menkaure
  4135 | D:4      | Learned a level 5 spell: Lee's Rapid Deconstruction
  4385 | D:5      | Entered Level 5 of the Dungeon
  4406 | D:5      | Reached skill level 1 in Fighting
  4479 | D:5      | Found Osmarhee's Weapon Shoppe.
  4569 | D:5      | Found a shattered altar of Ashenzari.
  4570 | D:5      | Noticed Pikel
  4685 | D:5      | Noticed Blork the orc
  4689 | D:5      | Killed Blork the orc
  4767 | D:5      | Noticed Prince Ribbit
  4773 | D:5      | Found a staircase to the Ecumenical Temple.
  4785 | D:5      | Reached skill level 1 in Evocations
  4785 | D:5      | Reached XP level 8. HP: 34/44 MP: 15/15
  4790 | Temple   | Entered the Ecumenical Temple
  4800 | Temple   | Became a worshipper of Vehumet
  5141 | D:5      | Reached skill level 7 in Earth Magic
  5158 | D:5      | Reached skill level 5 in Spellcasting
  5163 | D:5      | Reached skill level 1 in Armour
  5198 | D:5      | Killed Pikel
  5198 | D:5      | Reached skill level 5 in Conjurations
  5466 | D:5      | Killed Prince Ribbit
  5466 | D:5      | Reached XP level 9. HP: 48/52 MP: 13/17
  5500 | D:5      | Got a dazzling dagger
  5630 | D:6      | HP: 1/52 [worker ant (2)]
  5643 | D:6      | Slain by a bullfrog

Skill      XL: |  1  2  3  4  5  6  7  8  9 |
---------------+----------------------------+-----
Earth Magic    | 4 5 6 7 |  7.9
Spellcasting   | 3 4 5 |  5.6
Conjurations   | 1 2 3 4 5 |  5.8
Fighting       | 2 3 |  3.9
Evocations     | 1 2 |  2.9
Armour         | 2 3 |  3.0
Dodging        | |  1.5
Stealth        | |  2.1
Transmutations | |  0.7

Action                   |  1- 3 |  4- 6 |  7- 9 || total
-------------------------+-------+-------+-------++-------
Melee: Unarmed           |    17 |       |       ||    17
       Short sword       |    26 |    80 |    29 ||   135
       Dagger            |       |       |    52 ||    52
       Whip              |       |       |     3 ||     3
 Cast: Sandblast         |    46 |    60 |    79 ||   185
  Use: Scroll            |       |     4 |    13 ||    17
       Potion            |       |       |     7 ||     7
 Stab: Sleeping          |     3 |     2 |       ||     5
  Eat: Chunk             |     4 |     5 |     6 ||    15
Armor: Robe              |    19 |    41 |    52 ||   112
Dodge: Dodged            |    43 |    74 |    80 ||   197
